 Dungeon Crawl Stone Soup version 0.28.0 (webtiles) character file.

Game seed: 12619970926174715111

4855 pkoi the Archer (level 10, -3/88 HPs)
             Began as a Minotaur Hunter on Feb 10, 2022.
             Was a Believer of Dithmenos.
             Slain by a two-headed ogre (15 damage)
             ... on level 9 of the Dungeon.
             The game lasted 00:11:27 (8801 turns).

pkoi the Archer (Minotaur Hunter)                   Turns: 8801, Time: 00:11:27

Health: -3/88      AC: 20    Str: 16    XL:     10   Next: 25%
Magic:  9/9        EV: 10    Int:  8    God:    Dithmenos [**....]
Gold:   544        SH:  0    Dex: 16    Spells: 9/9 levels left

rFire   . . .      SeeInvis .   b - +0 trident (venom)
rCold   + . .      Faith    .   (no shield)
rNeg    . . .      Spirit   .   g - +7 Kryia's mail coat {PotionHeal*2 rC+}
rPois   .          Reflect  .   (helmet restricted)
rElec   .          Harm     .   (no cloak)
rCorr   .          Rampage  .   (no gloves)
Will    +....                   l - +1 pair of boots
Stlth   ++........              (no amulet)
HPRegen 0.24/turn               o - +4 ring of protection
MPRegen 0.11/turn               C - ring of willpower

@: wreathed by umbra
A: horns 2, retaliatory headbutt
a: Renounce Religion, Shadow Step


You were on level 9 of the Dungeon.
You worshipped Dithmenos.
Dithmenos was pleased with you.
You visited 1 branch of the dungeon, and saw 9 of its levels.
You also visited: Sewer and Ossuary.

You collected 544 gold pieces.

Inventory:

Hand Weapons
 a - a +2 shortbow of freezing
 b - a +0 trident of venom (weapon)
 j - a +0 short sword
 y - a +5 club
Missiles
 d - 65 arrows
 z - a throwing net (quivered)
Armour
 c - a +0 leather armour
 g - the +7 Kryia's mail coat (worn) {PotionHeal*2 rC+}
   (You found it on level 5 of the Dungeon)

   Potions are twice as effective at healing its wearer.
   rC:        It protects you from cold.
 l - a +1 pair of boots (worn)
Jewellery
 o - a +4 ring of protection (left hand)
 C - a ring of willpower (right hand)
 D - a +6 ring of strength
 E - a ring of positive energy
Wands
 x - a wand of flame (38)
 F - a wand of acid (8)
 G - a wand of mindburst (14)
Scrolls
 f - a scroll of enchant armour
 k - 5 scrolls of teleportation
 m - a scroll of enchant weapon
 s - a scroll of identify
 A - 2 scrolls of silence
Potions
 e - 2 potions of lignification
 h - 11 potions of curing
 i - 6 potions of might
 n - 5 potions of flight
 p - 7 potions of haste
 q - 2 potions of invisibility
 r - 3 potions of ambrosia
 t - a potion of resistance
 u - 3 potions of degeneration
 v - a potion of attraction
 w - a potion of mutation
 B - a potion of heal wounds


   Skills:
 + Level 8.2 Fighting
 * Level 11.2 Bows
 + Level 6.1 Armour
 - Level 2.1 Dodging
 + Level 5.8 Stealth
 + Level 4.8 Evocations


You had 9 spell levels left.
You didn't know any spells.
Your spell library contained the following spells:

 Spells                   Type           Power      Damage    Failure   Level
 Magic Dart               Conj           0%         1d3       80%         1
 Call Imp                 Summ           0%         N/A       91%         2
 Ensorcelled Hibernation  Hex/Ice        0%         N/A       91%         2
 Sublimation of Blood     Necr           0%         N/A       91%         2
 Wereblood                Tmut           0%         N/A       91%         2
 Mephitic Cloud           Conj/Pois/Air  0%         N/A       99%         3
 Spider Form              Tmut/Pois      0%         N/A       99%         3
 Anguish                  Hex/Necr       0%         N/A       100%        4
 Summon Hydra             Summ           0%         N/A       100%        7


Dungeon Overview and Level Annotations

Branches:
Dungeon (9/15)             Temple (0/1) D:4           Sewer (visited)
Ossuary (visited)
   Lair: D:8-11         Orc: D:9-12

Altars:
Dithmenos
Fedhas
Hepliaklqana
Nemelex Xobeh
Qazlal
Ru
Wu Jian
Xom

Annotations:
D:2 Sigmund
D:4 3 runed translucent doors, FuzzyBison's ghost, novice MiAK
D:5 2 runed translucent doors
D:6 2 runed translucent doors, zeram's ghost, weakling GrDe
D:8 Erica


Innate Abilities, Weirdness & Mutations

You have a pair of horns on your head.
You reflexively headbutt those who attack you in melee.


Message History

The two-headed ogre is lightly wounded.
You shoot an arrow. The arrow hits the two-headed ogre.
The arrow freezes the two-headed ogre.
The two-headed ogre is moderately wounded.
The two-headed ogre hits you with a +0 giant spiked club!!
* * * LOW HITPOINT WARNING * * *
The two-headed ogre closely misses you.
Your +2 shortbow of freezing stops glowing.
Your +0 trident of venom begins to drip with poison!
b - a +0 trident of venom (weapon)
You hit the two-headed ogre but do no damage.
The two-headed ogre is poisoned.
You headbutt the two-headed ogre, but do no damage.
The two-headed ogre is moderately wounded.
The two-headed ogre closely misses you.
The two-headed ogre hits you but does no damage.
You hit the two-headed ogre. You headbutt the two-headed ogre!
The two-headed ogre is heavily wounded.
The two-headed ogre hits you with a +0 giant spiked club!!
* * * LOW HITPOINT WARNING * * *
The two-headed ogre closely misses you.
You puncture the two-headed ogre!
The two-headed ogre looks as sick as possible!
The two-headed ogre is severely wounded.
The two-headed ogre hits you with a +0 giant spiked club!!
* * * LOW HITPOINT WARNING * * *
The two-headed ogre hits you with a +0 giant club!
* * * LOW HITPOINT WARNING * * *
You completely miss the two-headed ogre.
The two-headed ogre is severely wounded.
The two-headed ogre hits you with a +0 giant spiked club.
* * * LOW HITPOINT WARNING * * *
The two-headed ogre barely misses you.
You hit the two-headed ogre.
The two-headed ogre looks as sick as possible!
The two-headed ogre is almost dead.
The two-headed ogre hits you with a +0 giant spiked club.
* * * LOW HITPOINT WARNING * * *
The two-headed ogre hits you with a +0 giant club!
You die...

#.........###........#
#......#### #........#
##.##### #........#
#..# ##'#######
##.##### #.....##
#.....# #####..#
######'#### #####.##
#.........# #.<....#
#.........####.@....#
+...>.....'..#.O...(#
#.........##.#......#
#.........##........#
#.........####......#
#.........# ##.#####
#.........# #...#
######+#### ###.# #(#


You could see a two-headed ogre (extremely poisoned).

Vanquished Creatures
  Maggie (D:8)
  Prince Ribbit (D:8)
  2 wyverns (D:8)
  A wraith (D:7)
  A steam dragon (D:8)
  Edmund (D:5)
  A water moccasin (D:6)
  An orc warrior (D:6)
  3 ice beasts
  2 sky beasts
  6 necrophages (D:8)
  A centaur (D:6)
  4 ogres
  2 phantoms
  A kobold brigand (D:6)
  A wyvern zombie (Ossuary)
  A bullfrog (D:6)
  A gnoll sergeant (D:7)
  2 scorpions
  3 water moccasin zombies
  4 howler monkeys
  5 bullfrog zombies (Ossuary)
  6 centaur zombies
  3 orc priests
  A jelly (D:8)
  13 mummies (Ossuary)
  4 orc wizards
  4 iguanas
  Ijyb (D:4)
  Natasha (thrice) (D:4)
  A hell rat (Sewer)
  2 killer bee zombies
  A howler monkey zombie (Ossuary)
  2 howler monkey skeletons (D:5)
  5 adders
  4 gnolls
  A river rat (Sewer)
  2 shadow imps
  9 orcs
  5 bats
  3 endoplasms (D:1)
  2 giant cockroaches
  9 goblins
  6 hobgoblins
  A jackal (D:4)
  8 kobolds
  2 quokkas
  4 ball pythons
  2 frilled lizards
  14 rats
163 creatures vanquished.

Vanquished Creatures (others)
  An adder (D:3)
  7 bushes (D:8)
  13 plants (D:8)
  10 withered plants (Ossuary)
31 creatures vanquished.

Grand Total: 194 creatures vanquished

Notes
Turn   | Place    | Note
-------+----------+-------------------------------------------
     0 | D:1      | pkoi the Minotaur Hunter began the quest for the Orb.
     0 | D:1      | Reached XP level 1. HP: 18/18 MP: 0/0
   316 | D:1      | Reached XP level 2. HP: 25/25 MP: 1/1
   632 | D:1      | Reached skill level 5 in Bows
  1143 | D:2      | Reached XP level 3. HP: 31/31 MP: 2/2
  1264 | D:2      | Noticed Sigmund
  1322 | D:3      | Found a faded altar of an unknown god.
  1335 | D:3      | Reached skill level 1 in Stealth
  1417 | D:3      | Reached XP level 4. HP: 30/38 MP: 3/3
  1688 | D:3      | Found a shadowy altar of Dithmenos.
  1819 | D:3      | Became a worshipper of Dithmenos the Shadowed
  2010 | D:4      | Noticed an ice beast
  2026 | D:4      | Noticed Ijyb
  2038 | D:4      | Killed Ijyb
  2286 | D:4      | Noticed an ice beast
  2287 | D:4      | Noticed FuzzyBison's ghost (novice MiAK)
  2291 | D:4      | Found a staircase to the Ecumenical Temple.
  2346 | D:4      | Noticed a phantom
  2366 | D:4      | Killed a phantom
  2367 | D:4      | Reached skill level 6 in Bows
  2367 | D:4      | Reached XP level 5. HP: 31/46 MP: 4/4
  2568 | D:4      | Killed an ice beast
  2569 | D:4      | Reached XP level 6. HP: 53/53 MP: 5/5
  2698 | D:4      | Noticed Natasha
  2707 | D:4      | Killed Natasha
  2880 | D:4      | Noticed Natasha
  2892 | D:4      | Killed Natasha
  3054 | D:4      | Noticed Natasha
  3062 | D:4      | Killed Natasha
  3063 | D:4      | Reached skill level 7 in Bows
  3378 | D:4      | Reached skill level 5 in Fighting
  3379 | D:4      | Found a runed translucent gate.
  3382 | D:4      | Found a runed translucent gate.
  3383 | D:4      | Found a runed translucent gate.
  3832 | D:5      | Entered Level 5 of the Dungeon
  3849 | D:5      | Noticed an ice beast
  3861 | D:5      | Killed an ice beast
  3862 | D:5      | Reached skill level 1 in Evocations
  3862 | D:5      | Reached XP level 7. HP: 61/61 MP: 6/6
  3908 | D:5      | Found a sacrificial altar of Ru.
  3931 | D:5      | Found the +7 Kryia's mail coat {PotionHeal*2 rC+}
  4023 | D:5      | Found a large runed translucent door.
  4023 | D:5      | Found a large runed translucent door.
  4027 | D:5      | Found a shimmering altar of Xom.
  4061 | D:5      | Found a glowing drain.
  4073 | Sewer    | Entered a sewer
  4104 | Sewer    | Reached * piety under Dithmenos
  4194 | D:5      | Found a hazy altar of Hepliaklqana.
  4377 | D:5      | Noticed Edmund
  4386 | D:5      | Found a sand-covered staircase.
  4391 | Ossuary  | Entered an ossuary
  4406 | Ossuary  | Reached skill level 1 in Armour
  4465 | Ossuary  | Reached skill level 8 in Bows
  4576 | Ossuary  | Reached XP level 8. HP: 70/70 MP: 7/7
  5056 | D:5      | Killed Edmund
  5126 | D:5      | Reached skill level 9 in Bows
  5380 | D:6      | Reached ** piety under Dithmenos
  5388 | D:6      | Reached XP level 9. HP: 64/78 MP: 8/8
  5450 | D:6      | Found a runed translucent door.
  5812 | D:6      | Found a runed translucent door.
  6127 | D:6      | Noticed zeram's ghost (weakling GrDe)
  6373 | D:7      | Found a stormy altar of Qazlal.
  6427 | D:6      | Reached skill level 10 in Bows
  6619 | D:7      | Found a sparkling altar of Nemelex Xobeh.
  6688 | D:7      | Reached skill level 5 in Stealth
  7299 | D:8      | Noticed Prince Ribbit
  7308 | D:8      | Killed Prince Ribbit
  7309 | D:8      | Reached skill level 5 in Armour
  7408 | D:8      | Noticed Maggie
  7804 | D:8      | Killed Maggie
  7980 | D:8      | Noticed Erica
  8059 | D:8      | Reached XP level 10. HP: 88/88 MP: 9/9
  8180 | D:8      | Found a blossoming altar of Fedhas.
  8199 | D:8      | Reached skill level 11 in Bows
  8603 | D:8      | Found an ornate altar of the Wu Jian Council.
  8776 | D:9      | Noticed a two-headed ogre
  8801 | D:9      | Slain by a two-headed ogre

Illustrated notes

Levels and vault maps discovered:
D:1:      dpeg_arrival_court, layout_rooms, minmay_unequal
D:2:      layout_rooms, serial_shops, nicolae_shop_waterfront, uniq_sigmund
D:3:      layout_basic, nicolae_dithmenos_the_darkroom,
          hellmonk_ecumenical_altar_run_dry, lemuel_old_faithful
D:4:      layout_loops_corners, temple_statues, gammafunk_ghost_icy,
          minmay_starry_boxes, uniq_natasha, uniq_ijyb
D:5:      due_chaos_kobolds, layout_cave_pools, mainiacjoe_overflow_alcove_2,
          lemuel_coloured_pillars_altar, portal_sewer_entry_d,
          lightli_ossuary_entry_decrepit_ruins, kennysheep_generic_room_14,
          uniq_edmund
D:6:      layout_basic, ebering_ghost_sewer_f
D:7:      layout_basic, mainiacjoe_overflow_small_starburst,
          mainiacjoe_overflow_surrounded_room, hangedman_decor_peaks_small,
          abandoned_shop
D:8:      layout_loops_corners, fedhas_altar_decomposition,
          pdpol_wu_jian_five_deadly_venoms, uniq_erica, uniq_prince_ribbit1,
          uniq_maggie
D:9:      layout_roguey, lair_entry_dummy, orc_0_dummy, serial_shops,
          nicolae_shop_behind_doors, uniq_erolcha

Skill      XL: |  1  2  3  4  5  6  7  8  9 10 |
---------------+-------------------------------+-----
Fighting       | 3 4 5 6 7 8 |  8.2
Bows           | 5 6 7 8 9 10 11 | 11.2
Stealth        | 1 2 3 4 5 |  5.8
Evocations     | 1 2 3 4 |  4.8
Armour         | 1 3 5 6 |  6.1
Dodging        | |  2.1

Action                   |  1- 3 |  4- 6 |  7- 9 | 10-12 || total
-------------------------+-------+-------+-------+-------++-------
Melee: Short sword       |    30 |       |       |       ||    30
       Headbutt          |    11 |     8 |    79 |     2 ||   100
       Trident           |    54 |    79 |   185 |     5 ||   323
       Punch             |       |     1 |     4 |       ||     5
       Club              |       |       |   190 |       ||   190
 Fire: Shortbow          |       |    13 |    87 |    79 ||   179
Evoke: Wand              |       |       |     3 |       ||     3
  Use: Scroll            |       |     9 |     6 |    10 ||    25
 Stab: Sleeping          |     1 |     1 |     1 |       ||     3
Armor: Leather armour    |    22 |    29 |     6 |       ||    57
       Scale mail        |       |       |   273 |    17 ||   290
Dodge: Dodged            |    43 |    48 |   219 |    20 ||   330
